 Dungeon Crawl Stone Soup version 0.21.0-37-g46506fa (webtiles) character file.

1 hexophile the Ducker (level 1, 0/9 HPs)
             Began as a Spriggan Transmuter on Jan 30, 2018.
             Slain by a rat (2 damage)
             ... on level 1 of the Dungeon.
             The game lasted 00:00:18 (72 turns).

hexophile the Ducker (Spriggan Transmuter)            Turns: 72, Time: 00:00:19

Health: 0/9        AC:  2    Str:  6    XL:     1   Next: 16%
Magic:  5/5        EV: 18    Int: 14    God:
Gold:   2          SH:  0    Dex: 16    Spells: 4/5 levels left

rFire    . . .     SeeInvis +     - Unarmed
rCold    . . .     Gourm    .   (shield restricted)
rNeg     . . .     Faith    .   b - +0 robe
rPois    .         Spirit   .   (helmet restricted)
rElec    .         Reflect  .   (no cloak)
rCorr    .         Harm     .   (gloves unavailable)
MR       .....                  (boots unavailable)
Stlth    +.........             (no amulet)
HPRegen  0.03/turn              (no ring)
MPRegen  0.09/turn              (no ring)

@: appendage (expiring), very quick
A: very small, unfitting armour, talons 3, see invisible, herbivore, speed 3,
slow metabolism 2
a: End Transformation


You were on level 1 of the Dungeon.
You were not hungry.
You had grown temporary talons.
You visited 1 branch of the dungeon, and saw 1 of its levels.

You collected 2 gold pieces.


Innate Abilities, Weirdness & Mutations

You are very small and have problems with some larger weapons.
You are too small for most types of armour.
You have supernaturally acute eyesight. (SInv)
You are a herbivore.
You cover ground extremely quickly.
You need consume almost no food.
You have claws for feet.

Inventory:

Missiles
 a - 12 arrows
Armour
 b - a +0 robe (worn)
Scrolls
 e - a scroll of teleportation {unknown}
 f - a scroll of blinking {unknown}
Books
 c - a book of Changes

   Spells                             Type                      Level
   a - Beastly Appendage              Transmutation                1
   b - Sticks to Snakes               Transmutation                2
   c - Spider Form                    Transmutation/Poison         3
   d - Ice Form                       Ice/Transmutation            4
   e - Blade Hands                    Transmutation                5
Comestibles
 d - 2 rations


You had 4 spell levels left.
You knew the following spells:

 Your Spells              Type           Power        Failure   Level  Hunger
a - Beastly Appendage     Tmut           #.....       8%          1    #......


   Skills:
 - Level 0.7 Fighting
 * Level 3.1 Dodging
 + Level 2.4 Unarmed Combat
 - Level 2.6 Spellcasting
 - Level 2.6 Transmutations

Dungeon Overview and Level Annotations

Branches:
Dungeon (1/15)

Altars:

Vault maps used:
D:1:      co_arrival_square_in_a_square_in_a_square
You       could see a giant cockroach, a goblin, a kobold and a rat.


Message History

Sorry, you're not good enough to have a special ability.
Firing (i - inventory): No suitable missiles.
Press: ? - help, Shift-Dir - straight line, f - kobold
Aim: a kobold, wielding a club
Okay, then.
Casting: Beastly Appendage
Confirm with . or Enter, or press ? or * to list all spells.
Your feet morph into talons.
The kobold completely misses you.
You hit the kobold. You claw the kobold.
The kobold is severely wounded.
The kobold hits you with a club.
You lost 3 HP.
You have now: 6/9 HP.
You closely miss the kobold.
The kobold is severely wounded.
The kobold hits you but does no damage.
You hit the kobold but do no damage.
The kobold is severely wounded.
The kobold barely misses you.
You hit the kobold.
You kill the kobold!
The dart slug launches a dart at you. The slug dart hits you!
Ouch! That really hurt!
* * * LOW HITPOINT WARNING * * *
You lost 4 HP.
You have now: 2/9 HP.
You barely miss the giant cockroach.
You claw the giant cockroach, but do no damage.
The giant cockroach misses you.
You hit the giant cockroach but do no damage.
You claw the giant cockroach.
The giant cockroach is lightly wounded.
The giant cockroach misses you.
You barely miss the giant cockroach.
The giant cockroach is lightly wounded.
The giant cockroach bites you but does no damage.
You closely miss the giant cockroach.
The giant cockroach is lightly wounded.
The giant cockroach closely misses you.
Your transformation is almost over.
A goblin comes into view. It is wielding a dagger.
The goblin shouts!
Found a fuming coppery potion.
A kobold comes into view.
The kobold shouts!
The goblin closely misses you.
The kobold throws a stone.
The stone closely misses you.
The stone hits the goblin.
A rat comes into view.
The kobold throws a stone.
The stone barely misses you.
The stone barely misses the goblin.
The rat bites you.
You die...

Action                   || total
-------------------------++-------
Melee: Unarmed           ||     8
       Kick              ||     3
 Cast: Beastly Appendage ||     1
Armor: Robe              ||     1
Dodge: Dodged            ||     8

Notes
Turn   | Place    | Note
-------+----------+-------------------------------------------
     0 | D:1      | hexophile the Spriggan Transmuter began the quest for the Orb.
     0 | D:1      | Reached XP level 1. HP: 9/9 MP: 5/5
    72 | D:1      | Slain by a rat

Table legend:
 A = Turns spent in this place as a percentage of turns spent in the entire game.
 B = Non-inter-level travel turns spent in this place as a percentage of non-inter-level travel turns spent in the entire game.
 C = Inter-level travel turns spent in this place as a percentage of turns spent in this place.
 D = Turns resting spent in this place as a percentage of non-inter-level travel turns spent in this place.
 E = Turns spent auto-exploring this place as a percentage of non-inter-level travel turns spent in this place.
 F = Non-inter-level travel turns spent in this place divided by the number of levels of this place that you've seen.
                   A       B       C       D       E      F
               +-------+-------+-------+-------+-------+----------------------
         Total | 100.0 | 100.0 |   0.0 |   0.0 |  41.7 |  72.0
       Dungeon | 100.0 | 100.0 |   0.0 |   0.0 |  41.7 |  72.0
               +-------+-------+-------+-------+-------+----------------------

Table legend:
 A = Kills in this place as a percentage of kills in entire the game.
 B = Kills by you in this place as a percentage of kills by you in the entire game.
 C = Kills by friends in this place as a percentage of kills by friends in the entire game.
 D = Other kills in this place as a percentage of other kills in the entire game.
 E = Experience gained in this place as a percentage of experience gained in the entire game.
 F = Experience gained in this place divided by the number of levels of this place that you have seen.
                   A       B       C       D       E      F
               +-------+-------+-------+-------+-------+----------------------
         Total | 100.0 | 100.0 |   N/A |   N/A | 100.0 |   2.0
       Dungeon | 100.0 | 100.0 |   N/A |   N/A | 100.0 |   2.0
               +-------+-------+-------+-------+-------+----------------------

Vanquished Creatures
  A kobold (D:1)
1 creature vanquished.
